 Dungeon Sprint DCSS version 0.19.1 (webtiles) character file.

207 equalderp2856 the Gouger (level 5, -2/27 HPs)
             Began as a Felid Fighter on Dec 18, 2016.
             Was a Believer of Cheibriados.
             Slain by a tengu warrior
             ... wielding a +0 battleaxe
              (4 damage)
             ... in the Dungeon (Sprint IX: "|||||||||||||||||||||||||||||").
             The game lasted 00:01:47 (567 turns).

equalderp2856 the Gouger (Felid Fighter)             Turns: 567, Time: 00:01:48

Health: -2/27      AC:  2    Str: 22    XL:     5   Next: 54%
Magic:  4/6        EV: 28    Int: 15    God:    Cheibriados [**....]
Gold:   0          SH:  0    Dex: 20    Spells: 0 memorised, 4 levels left
                                        Lives:  0   Deaths: 1

rFire  . . .     SeeInvis +       - Unarmed
rCold  . . .     Gourm    .     (armour unavailable)
rNeg   . . .     Faith    .     (shield unavailable)
rPois  .         Spirit   .     (helmet unavailable)
rElec  .         Reflect  .     (cloak unavailable)
rCorr  .         Harm     .     (gloves unavailable)
MR     .....     NoTele   +     (boots unavailable)
Stlth  ++++......               (no amulet)
                                n - +2 ring of evasion
                                m - +3 ring of strength

@: very slow
A: no armour, no weapons or thrown items, stealth, claws 1, fangs 3, see
invisible, carnivore 3, speed 1, shaggy fur 2, slow metabolism 1, sharp paws
a: Bend Time, Renounce Religion


You were in the Dungeon.
You worshipped Cheibriados.
Cheibriados was pleased with you.
You were not hungry.

You visited 1 branch

Inventory:

Jewellery
 m - a +3 ring of strength (left paw)
 n - a +2 ring of evasion (right paw)
Wands
 l - a wand of lightning (7/15)
Scrolls
 h - 2 scrolls of blinking
 j - 3 scrolls of remove curse
 k - 2 scrolls of amnesia
Potions
 a - a potion of might
 c - 2 potions of curing
 e - a potion of haste
 f - 4 potions of magic
 g - a potion of berserk rage
 i - a potion of invisibility
Comestibles
 b - a meat ration


   Skills:
 + Level 5.6 Fighting
 + Level 9.2 Dodging
 + Level 6.8 Stealth
 + Level 11.0 Unarmed Combat


You had 4 spell levels left.
You didn't know any spells.

Dungeon Overview and Level Annotations

Branches:
Dungeon (1/1)

Altars:
Cheibriados
Dithmenos
Elyvilon
Fedhas
Gozag
Hepliaklqana
Kikubaaqudgha
Makhleb
Nemelex Xobeh
Okawaru
Qazlal
Ru
Sif Muna
Trog
Uskayaw
Vehumet
Xom
Yredelemnul
Zin
The Shining One
Beogh
Jiyva
Lugonu


Innate Abilities, Weirdness & Mutations

You cannot wear armour.
You are incapable of wielding weapons or throwing items.
Your paws allow you to move quietly. (Stealth)
You have sharp claws.
You have razor-sharp teeth.
You have supernaturally acute eyesight. (SInv)
You are carnivorous and can eat meat at any time.
You cover ground quickly.
You are covered in thick fur. (AC +2)
You have a slow metabolism.
Your sharp claws are effective at attacking unaware monsters.


Message History

The tengu warrior misses you.
The tengu warrior completely misses you.
The tengu warrior misses you.
You scratch the tengu warrior but do no damage.
The tengu warrior is heavily wounded.
The tengu warrior misses you. The tengu warrior pecks you.
The tengu warrior barely misses you.
You claw the tengu warrior!
The tengu warrior is severely wounded.
You claw the tengu warrior! Your bite misses the tengu warrior.
The tengu warrior is almost dead.
The tengu warrior hits you with a battleaxe!
* * * LOW HITPOINT WARNING * * *
The tengu warrior completely misses you.
The tengu warrior barely misses you.
You feel better.
The tengu warrior hits you with a battleaxe!
* * * LOW HITPOINT WARNING * * *
The tengu warrior misses you. The tengu warrior claws you.
You die...

▓.▓.▓
▓.▓.▓
▓†▓.▓
▓.▓.▓
▓.▓.▓
▓c▓.▓
▓D▓.▓
▓Q▓.▓
▓@▓.▓
▓'▓.▓
▓.▓.▓
▓...▓
▓▓▓▓▓


You could see a tengu warrior, a centaur warrior and a mottled dragon.

Vanquished Creatures
  A troll (D)
  A crimson imp (D)
  A hound (D)
  A jelly (D)
  An orc wizard (D)
  A worker ant (D)
  2 adders (D)
  A leopard gecko (D)
  A ball python (D)
  A bat (D)
  A bat zombie (D)
  A giant cockroach (D)
  2 hobgoblins (D)
  A quokka skeleton (D)
  A rat (D)
17 creatures vanquished.

Notes
Turn   | Place    | Note
-------+----------+-------------------------------------------
     0 | D        | equalderp2856 the Felid Fighter began the quest for the Orb.
     0 | D        | Reached XP level 1. HP: 10/10 MP: 2/2
    20 | D        | Reached skill level 5 in Unarmed Combat
    74 | D        | Noticed a worker ant
    74 | D        | Noticed a hound
    74 | D        | Noticed a crimson imp
    75 | D        | Reached XP level 2. HP: 14/14 MP: 3/3
    81 | D        | Reached skill level 5 in Dodging
    81 | D        | Reached skill level 1 in Stealth
    81 | D        | Reached skill level 6 in Unarmed Combat
    81 | D        | Reached XP level 3. HP: 18/18 MP: 4/4
    92 | D        | Reached skill level 7 in Unarmed Combat
    98 | D        | Reached XP level 4. HP: 10/22 MP: 5/5
   256 | D        | Found a roughly hewn altar of Beogh.
   256 | D        | Found a snail-covered altar of Cheibriados.
   256 | D        | Found a shadowy altar of Dithmenos.
   256 | D        | Found a white marble altar of Elyvilon.
   256 | D        | Found a blossoming altar of Fedhas.
   256 | D        | Found an opulent altar of Gozag.
   257 | D        | Found a hazy altar of Hepliaklqana.
   258 | D        | Found a viscous altar of Jiyva.
   259 | D        | Found an ancient bone altar of Kikubaaqudgha.
   260 | D        | Found a corrupted altar of Lugonu.
   261 | D        | Found a burning altar of Makhleb.
   262 | D        | Found a sparkling altar of Nemelex Xobeh.
   263 | D        | Found an iron altar of Okawaru.
   268 | D        | Became a worshipper of Cheibriados the Contemplative
   273 | D        | Found a stormy altar of Qazlal.
   274 | D        | Found a sacrificial altar of Ru.
   275 | D        | Found a deep blue altar of Sif Muna.
   276 | D        | Found a bloodstained altar of Trog.
   277 | D        | Found a hide-covered altar of Uskayaw.
   278 | D        | Found a radiant altar of Vehumet.
   279 | D        | Found a shimmering altar of Xom.
   280 | D        | Found a basalt altar of Yredelemnul.
   281 | D        | Found a glowing silver altar of Zin.
   282 | D        | Found a glowing golden altar of the Shining One.
   307 | D        | Noticed a troll
   309 | D        | Reached skill level 8 in Unarmed Combat
   311 | D        | Reached XP level 5. HP: 25/25 MP: 6/6
   316 | D        | Reached * piety under Cheibriados
   329 | D        | Killed a troll
   329 | D        | Reached skill level 5 in Fighting
   329 | D        | Reached skill level 10 in Unarmed Combat
   329 | D        | Gained mutation: You are covered in thick fur. (AC +2) [Felid growth]
   329 | D        | Reached XP level 6. HP: 6/30 MP: 7/7
   331 | D        | Reached ** piety under Cheibriados
   531 | D        | Noticed an efreet
   531 | D        | Noticed a centaur warrior
   531 | D        | Noticed a mottled dragon
   531 | D        | Noticed a tengu warrior
   533 | D        | Killed from afar by an efreet
   534 | D        | Reached XP level 5. HP: -14/27 MP: 6/6
   553 | D        | Reached skill level 11 in Unarmed Combat
   567 | D        | Slain by a tengu warrior

Skill      XL: |  1  2  3  4  5 |
---------------+----------------+-----
Unarmed Combat | 5 6 7 8 11 | 11.0
Dodging        | 5 6 9 |  9.2
Stealth        | 1 2 3 6 |  6.8
Fighting       | 4 5 |  5.6

Action                   |  1- 3 |  4- 6 || total
-------------------------+-------+-------++-------
Melee: Unarmed           |    35 |    30 ||    65
       Bite              |     1 |     2 ||     3
       Punch             |     1 |     4 ||     5
Invok: Bend Time         |       |     1 ||     1
  Use: Potion            |       |     6 ||     6
 Stab: Distracted        |     2 |     1 ||     3
       Sleeping          |       |     2 ||     2
Armor: Skin              |     3 |     1 ||     4
Dodge: Dodged            |    24 |    44 ||    68
